AoeStats
← HR Pinkman

Arabia

507241178Analyzed
1v1 RM · 15d ago on Sep 17, 2026· 43m 52s· 2 players
Game mode
Random Map
Map size
Tiny (2 player)
Population
200
Speed
Normal
Resources
Standard
Victory
Conquest
Starting age
Dark Age
Ending age
Imperial Age
RankedLock teamsTeams togetherTeam positionsShared explorationLock speedFull tech treeHidden civsTurbo modeCheats
Victory
Defeat
🇨🇱 Franks · Chile
2146
+9
🇳🇿 Vietnamese · New Zealand
1977
-9
HR Pinkman
6:26 Loom
8:39 Feudal Age
9:36 Double-Bit Axe
19:12 Castle Age
17:47 Fletching
18:28 Padded Archer Armor
19:24 Scale Barding Armor
19:26 Elite Skirmisher
20:05 Bodkin Arrow
22:16 Wheelbarrow
25:20 Bow Saw
29:34 Ballistics
29:34 Hand Cart
33:20 Imperial Age
31:15 Husbandry
31:36 Leather Archer Armor
31:32 Gold Mining
32:17 Chain Barding Armor
32:53 Forging
34:14 Gold Shaft Mining
33:22 Cavalier
34:38 Plate Barding Armor
34:36 Conscription
36:18 Iron Casting
36:45 Chemistry
39:18 Light Cavalry
42:53 Paladin
43:36 Chivalry
Sheep Farm
6:27 Loom
8:33 Feudal Age
10:02 Wheelbarrow
9:14 Double-Bit Axe
12:10 Horse Collar
19:01 Castle Age
19:26 Bloodlines
19:10 Fletching
20:07 Bow Saw
20:28 Hand Cart
21:17 Husbandry
22:59 Bodkin Arrow
24:26 Padded Archer Armor
25:05 Scale Barding Armor
24:52 Town Watch
26:35 Heavy Plow
28:24 Gold Mining
29:24 Stone Mining
32:24 Imperial Age
33:10 Thumb Ring
32:27 Heavy Cavalry Archer
33:10 Bracer
33:34 Ballistics
35:02 Chemistry
35:41 Squires
35:43 Scale Mail Armor
35:53 Forging
38:05 Chain Mail Armor
38:25 Iron Casting
40:38 Leather Archer Armor
Connection lost

Rejoining the realm…

Still unreachable

The connection could not be restored.

Session expired

The server has moved on; the page needs a fresh start.